 Dungeon Crawl Stone Soup version 0.32-a0-607-g64ea0e4219 (webtiles) character file.

Game seed: 4358253496920169451

3738 lugworm the Fighter (level 9, -4/78 HPs)
             Began as a Mummy Chaos Knight on Mar 3, 2024.
             Was a Plaything of Xom.
             Slain by ForceOfNegation's ghost (19 damage)
             ... on level 8 of the Dungeon.
             The game lasted 00:19:02 (8882 turns).

lugworm the Fighter (Mummy Chaos Knight)            Turns: 8882, Time: 00:19:02

Health: -4/78      AC: 11    Str: 27    XL:     9   Next: 93%
Magic:  0/9        EV: 11    Int: 11    God:    Xom [....*.]
Gold:   546        SH:  0    Dex: 11    Spells: 8/8 levels left

rFire   . . .        a - +0 spear (chaos)
rCold   + . .        (no shield)
rNeg    + + +        s - +0 ring mail {rF+}
rPois   ∞            h - +1 helmet
rElec   +            e - +0 cloak
rCorr   .            (no gloves)
SInv    .            c - +0 pair of boots
Will    +....        i - amulet "Nurerral" {Spirit rElec Regen+ Str+7}
Stlth   +            (no ring)
HPRegen 1.13/turn    (no ring)
MPRegen 0.11/turn

%: guardian spirit, faith
@: brilliant, fugue
A: cold resistance 1, negative energy resistance 3, torment resistance 2, heat
vulnerability 1, in touch with death 1, no potions, faith
a: Renounce Religion


You were on level 8 of the Dungeon.
You worshipped Xom.
You were a beloved toy of Xom.
You visited 1 branch of the dungeon, and saw 9 of its levels.

You collected 1496 gold pieces.
You spent 950 gold pieces at shops.

Inventory:

Hand Weapons
 a - a +0 spear of chaos (weapon)
 x - a +2 vampiric spear
 y - a +0 trident
Missiles
 l - 5 poisoned darts (quivered)
Armour
 b - a +2 leather armour
 c - a +0 pair of boots (worn)
 e - a +0 cloak (worn)
 g - a +0 helmet
 h - a +1 helmet (worn)
 j - a +0 ring mail
 s - a +0 ring mail of fire resistance (worn)
 v - a +2 hat
Jewellery
 d - a ring of poison resistance
 i - the amulet "Nurerral" (around neck) {Spirit rElec Regen+ Str+7}
   (You acquired it on level 1 of the Dungeon)

   [amulet of guardian spirit]

   Spirit:    It causes incoming damage to be divided between your reserves of
   health and magic.
   Str+7:     It affects your strength (+7).
   rElec:     It insulates you from electricity.
   Regen+:    It increases your rate of health regeneration.
Wands
 k - a wand of digging (1)
 q - a wand of polymorph (2)
 t - a wand of flame (9)
 u - a wand of warping (8)
Scrolls
 f - 4 scrolls of poison
 m - a scroll of fog
 n - 2 scrolls of revelation
 o - 2 scrolls of amnesia
 p - 2 scrolls of identify
 w - 3 scrolls of fear


   Skills:
 + Level 9.6 Fighting
 + Level 8.0 Polearms
 + Level 5.5 Armour
 - Level 0.7 Dodging


You had 8 spell levels left.
You didn't know any spells.
Your spell library contained the following spells:

 Spells                   Type           Power      Damage    Failure   Level
 Blink                    Tloc           0%         N/A       58%         2
 Lesser Beckoning         Tloc           0%         N/A       58%         2
 Momentum Strike          Conj/Tloc      0%         3d8       58%         2
 Frozen Ramparts          Ice            0%         1d1       83%         3
 Tukima's Dance           Hex            0%         N/A       83%         3
 Volatile Blastmotes      Fire/Tloc      0%         2d10      83%         3
 Dimensional Bullseye     Hex/Tloc       0%         N/A       99%         4
 Fulminant Prism          Conj/Alch      0%         3d5       99%         4
 Iskenderun's Mystic Bla  Conj/Tloc      0%         2d3       99%         4
 Leda's Liquefaction      Alch/Erth      0%         N/A       99%         4
 Manifold Assault         Tloc           0%         N/A       99%         4
 Petrify                  Alch/Erth      0%         N/A       99%         4
 Metabolic Englaciation   Hex/Ice        0%         N/A       100%        5
 Dispersal                Tloc           0%         N/A       100%        6
 Disjunction              Tloc           0%         N/A       100%        8


Dungeon Overview and Level Annotations

Branches:
Dungeon (9/15)             Temple (0/1) D:6            Lair (0/5) D:8
    Orc: D:9-12

Altars:
Qazlal
Ru
Sif Muna
Trog
Wu Jian
Xom
Yredelemnul

Shops:
D:1 ?**!   D:5 ?:[*   D:6 *!?[=

Annotations:
D:8 ForceOfNegation's ghost, novice DrNe
D:9 Erolcha


Innate Abilities, Weirdness & Mutations

You are immune to poison.
Your flesh is cold resistant. (rC+)
You are immune to negative energy. (rN+++)
You are immune to unholy pain and torment.
You are vulnerable to heat. (rF-)
You are in touch with the powers of death.
You do not drink.
You have a special connection with the divine. (Faith)


Message History

Unknown command.
You can't drink.
Okay, then.
Unknown command.
Aiming: Polymorph
Press: ? - help, Shift-Dir - straight line, f - you, p - ForceOfNegation's ghost
Okay, then.
Unknown command.
Aiming: Throw Flame
Press: ? - help, Shift-Dir - straight line, f/p - ForceOfNegation's ghost
Aim: ForceOfNegation's ghost, wielding a weapon of speed (lightly damaged, fast, strong, slow, weak, 56% to hit)
The puff of flame misses ForceOfNegation's ghost.
ForceOfNegation's ghost hits you but does no damage.
Unknown command.
ForceOfNegation's ghost screams, "You will join me soon!"
ForceOfNegation's ghost attacks as it pursues you!
ForceOfNegation's ghost hits you but does no damage.
You see here a +0 robe.
ForceOfNegation's ghost attacks as it pursues you!
ForceOfNegation's ghost hits you!
* * * LOW HITPOINT WARNING * * *
ForceOfNegation's ghost attacks as it pursues you!
ForceOfNegation's ghost hits you!
* * * LOW HITPOINT WARNING * * *
ForceOfNegation's ghost attacks as it pursues you!
ForceOfNegation's ghost hits you!
* * * LOW HITPOINT WARNING * * *
Xom plays with reality for a moment.
You call out to the remnants of the fallen!
You are now a beloved toy of Xom.
ForceOfNegation's ghost is no longer weakened.
Okay, then.
Unknown command. "Go forth and cause havoc, mortal!"
Magic courses through your body.
ForceOfNegation's ghost is no longer moving quickly.
ForceOfNegation's ghost attacks as it pursues you!
ForceOfNegation's ghost hits you!!
You die...
Xom laughs nastily!

#.# #.##.........## #.#
#.######.###.......## #.#
.......[...###...### #.#
########.###.#._.#.#######.#
...## #.##..#...#.....[..<#
....## #.##..#####.#########
##...###.........#.#
⌠##...##.####..###.# #######
..##.....# #..W@..# #.....#
!..##..### ##.##### #.###.#
♣?.⌠#..# #!# #.# #.#
?..##..# #.##########.###.#
..##...# #.............##.#
⌠##...## ##..#########..##.#
##....# ##...## #.....#
......## #.....# ##.####
.......######....# #####.#


You could see ForceOfNegation's ghost (strong, slow).

Vanquished Creatures
  A two-headed ogre (D:8)
  A komodo dragon (D:8)
  Prince Ribbit (D:5)
  2 wyverns
  Eustachio (D:6)
  A steam dragon (D:8)
  A water moccasin (D:6)
  An orc warrior (D:8)
  2 ice beasts (D:7)
  An ogre (D:6)
  A boggart (shapeshifter) (D:8)
  A centaur (D:7)
  A phantom (D:7)
  A weeping skull (D:4)
  2 bullfrogs (D:8)
  4 scorpions
  2 killer bees (D:8)
  6 bombardier beetles
  A crimson imp (D:5)
  3 howler monkeys (D:8)
  2 quasits (D:7)
  An orc priest (D:7)
  5 hounds
  An iguana (D:6)
  2 sleepcaps (D:6)
  4 orc wizards
  4 gnolls (D:7)
  8 adders
  4 shadow imps (D:7)
  7 white imps (D:7)
  5 ufetubi (D:7)
  3 dart slugs
  2 ribbon worms
  7 orcs
  8 ball pythons
  3 bats
  5 endoplasms
  A giant cockroach (D:4)
  9 goblins
  5 hobgoblins
  5 kobolds
  3 quokkas
  3 frilled lizards (D:1)
  3 rats
  A spectral orc (D:4)
135 creatures vanquished.

Vanquished Creatures (collateral kills)
  A gnoll (D:7)
1 creature vanquished.

Vanquished Creatures (others)
  A gnoll zombie (D:7)
  A butterfly (D:8)
2 creatures vanquished.

Grand Total: 138 creatures vanquished

Notes
Turn   | Place    | Note
-------+----------+-------------------------------------------
     0 | D:1      | lugworm the Mummy Chaos Knight began the quest for the Orb.
     0 | D:1      | Reached XP level 1. HP: 18/18 MP: 1/1
    36 | D:1      | XOM: silly message
    71 | D:1      | Found Ajajuliu's General Store.
   106 | D:1      | XOM: silly message
   138 | D:1      | XOM: divination: magic mapping
   194 | D:1      | Found Guuthaw's Distillery.
   206 | D:1      | Reached XP level 2. HP: 23/24 MP: 2/2
   340 | D:1      | Found Putzog's Assorted Antiques.
   404 | D:1      | Found Miazest's Magic Scroll Shop.
   416 | D:1      | XOM: silly message
   484 | D:1      | XOM: smoke on damage
   701 | D:1      | XOM: silly message
   755 | D:2      | XOM: noise
   921 | D:2      | XOM: divination: detect creatures
   925 | D:2      | Reached XP level 3. HP: 30/30 MP: 3/3
  1090 | D:2      | XOM: divination: magic mapping
  1180 | D:2      | XOM: god gift: 788 gold pieces
  1206 | D:1      | Bought a scroll of acquirement for 624 gold pieces
  1206 | D:1      | Acquired the amulet "Nurerral" {Spirit rElec Regen+ Str+7}
  1436 | D:2      | Reached skill level 4 in Fighting
  1519 | D:2      | XOM: god gift: ring mail {god gift}
  1629 | D:3      | You fall into a shaft and drop 2 floors!
  1629 | D:5      | Entered Level 5 of the Dungeon
  1629 | D:5      | Found Fouh's Book Shoppe.
  1710 | D:5      | Reached XP level 4. HP: 37/37 MP: 2/4
  1843 | D:5      | XOM: cast spell 'Chain of Chaos'
  1844 | D:5      | XOM: fog
  1854 | D:5      | XOM: summons 2 friendly demons
  1856 | D:5      | Noticed a scorpion
  1859 | D:5      | Found Hannaudy's Armour Shoppe.
  1859 | D:5      | Found Soschod's Magic Scroll Emporium.
  1859 | D:5      | Found Goghel's General Store.
  1859 | D:5      | XOM: 6-stop teleportation journey
  1893 | D:5      | Bought a scroll of fear for 48 gold pieces
  1908 | D:5      | XOM: blink monster(s)
  1911 | D:5      | XOM: 1-stop teleportation journey
  1930 | D:5      | Noticed Prince Ribbit
  2187 | D:3      | Found an ornate altar of the Wu Jian Council.
  2324 | D:3      | XOM: summons 3 hostile demons
  2325 | D:3      | Noticed a soul eater
  2326 | D:3      | XOM: butterfly on damage
  2345 | D:3      | XOM: silly message
  2578 | D:4      | Noticed a scorpion
  2579 | D:4      | XOM: enchant monster (good)
  2589 | D:4      | Killed a scorpion
  2590 | D:4      | Reached XP level 5. HP: 43/43 MP: 5/5
  2630 | D:4      | XOM: divination: detect items
  2669 | D:4      | XOM: enchant monster (bad)
  2740 | D:4      | Reached skill level 5 in Fighting
  2940 | D:4      | XOM: swap monsters
  3193 | D:4      | XOM: summons 3 hostile demons
  3378 | D:4      | XOM: stat loss: -1 Str (24/25)
  3449 | D:4      | Found a basalt altar of Yredelemnul.
  3449 | D:4      | XOM: silly message
  3462 | D:4      | Reached XP level 6. HP: 51/51 MP: 6/6
  3747 | D:5      | XOM: enchant monster (bad)
  3895 | D:5      | XOM: stat loss: -1 Dex (10/11)
  3912 | D:5      | XOM: swap monsters
  3942 | D:5      | Killed Prince Ribbit
  3943 | D:5      | Reached skill level 6 in Fighting
  3943 | D:5      | Reached skill level 5 in Polearms
  3943 | D:5      | Reached XP level 7. HP: 34/59 MP: 3/7
  4016 | D:5      | Found a bloodstained altar of Trog.
  4023 | D:5      | Found a sacrificial altar of Ru.
  4373 | D:5      | XOM: summons 4 hostile shadow creatures
  4652 | D:6      | Found Boutzit's Distillery.
  4657 | D:6      | XOM: summons 4 hostile demons
  4672 | D:6      | XOM: enchant monster (good)
  4723 | D:6      | XOM: divination: magic mapping
  4740 | D:6      | Reached skill level 7 in Fighting
  4783 | D:6      | Found Ebakin's Magic Scroll Boutique.
  4786 | D:6      | Bought a scroll of teleportation for 42 gold pieces
  4819 | D:6      | Found Tuloanef's Armour Emporium.
  4835 | D:6      | Reached XP level 8. HP: 54/67 MP: 5/8
  4848 | D:6      | Bought a +0 ring mail of fire resistance for 110 gold
                  | pieces
  4859 | D:6      | Found a staircase to the Ecumenical Temple.
  4878 | D:6      | Found Kunir's Jewellery Shop.
  4879 | D:6      | XOM: silly message
  4884 | D:6      | XOM: potion effect (might)
  5015 | D:6      | Noticed Eustachio
  5021 | D:6      | XOM: potion effect (invisibility)
  5036 | D:6      | XOM: potion effect (might)
  5043 | D:6      | Killed Eustachio
  5171 | D:6      | XOM: cloud trail
  5176 | D:6      | Found Doohinne's General Store.
  5198 | D:6      | XOM: scenery: summon butterflies
  5204 | D:6      | Found a stormy altar of Qazlal.
  5433 | D:7      | XOM: fake destruction
  5445 | D:7      | XOM: fog
  5452 | D:7      | Reached skill level 8 in Fighting
  5733 | D:7      | XOM: swap monsters
  5823 | D:7      | XOM: summons 5 hostile demons
  5893 | D:7      | XOM: enchant monster (bad)
  5956 | D:7      | XOM: enchant monster (bad)
  5975 | D:7      | XOM: noise
  6091 | D:7      | XOM: summons 1 hostile shadow creature
  6149 | D:7      | XOM: chaos upgrade
  6231 | D:7      | Reached XP level 9. HP: 75/75 MP: 7/9
  6535 | D:1      | Bought a runed spear for 126 gold pieces
  6704 | D:8      | Found a staircase to the Lair.
  6704 | D:8      | Noticed a komodo dragon
  6745 | D:8      | XOM: confuse monster(s)
  6883 | D:8      | XOM: 1-stop teleportation journey
  6896 | D:8      | XOM: 3-stop teleportation journey
  6901 | D:8      | XOM: confuse monster(s)
  6902 | D:8      | XOM: polymorph killer bee -> shapeshifter
  6922 | D:8      | XOM: cast spell 'Metabolic Englaciation'
  6933 | D:8      | XOM: enchant monster (bad)
  6937 | D:8      | XOM: enchant monster (good)
  7089 | D:8      | XOM: blink monster(s)
  7110 | D:8      | Reached skill level 9 in Fighting
  7248 | D:8      | XOM: 1-stop teleportation journey
  7260 | D:8      | XOM: 4-stop teleportation journey
  7331 | D:8      | Noticed a two-headed ogre
  7334 | D:8      | XOM: cleaving
  7349 | D:8      | XOM: confusion (+ monsters)
  7350 | D:8      | XOM: confusion
  7365 | D:8      | XOM: blink monster(s)
  7369 | D:8      | Killed a two-headed ogre
  7370 | D:8      | Reached skill level 5 in Armour
  7503 | D:8      | XOM: scenery: create altars
  7521 | D:8      | XOM: scenery: summon butterflies
  7547 | D:8      | Found a runed translucent door.
  7547 | D:8      | Noticed ForceOfNegation's ghost (novice DrNe)
  7625 | D:8      | XOM: scenery: summon butterflies
  7692 | D:8      | XOM: silly message
  7698 | D:8      | XOM: 3-stop teleportation journey
  7784 | D:8      | XOM: noise
  7812 | D:8      | XOM: scenery: 1 doors close
  7821 | D:8      | XOM: enchant monster (bad)
  7822 | D:8      | Found a shimmering blue altar of Sif Muna.
  7888 | D:8      | XOM: enchant monster (good)
  7913 | D:8      | Killed a komodo dragon
  8074 | D:8      | XOM: god gift: book of Spatial Translocations
  8217 | D:9      | Noticed Erolcha
  8245 | D:8      | XOM: silly message
  8385 | D:8      | XOM: summons 5 hostile demons
  8833 | D:8      | XOM: confuse monster(s)
  8851 | D:8      | XOM: enchant monster (bad)
  8853 | D:8      | XOM: potion effect (brilliance)
  8853 | D:8      | XOM: smoke on damage
  8880 | D:8      | XOM: cast spell 'Fugue of the Fallen'
  8881 | D:8      | XOM: potion effect (magic)
  8882 | D:8      | Slain by ForceOfNegation's ghost

Illustrated notes

Levels and vault maps discovered:
D:1:      nzn_arrival_crosshair, layout_loops_ring, serial_shops, shop_statue,
          nicolae_shop_back_alley_shop, shop, nicolae_shop_tiny_waterfront,
          ebering_dispersal_statue_hall, minmay_stone_trees_medium
D:2:      layout_basic, mrwooster_statue_mirror
D:3:      layout_rooms, nzn_wu_jian_council_hall, nicolae_figureground_sparkle
D:4:      layout_basic, yredelemnul_forgotten_temple_becter
D:5:      layout_basic, minitemple, serial_shops,
          nicolae_shop_tiny_statue_garden, shop,
          nicolae_shop_just_a_little_nook, shop, minmay_liquid_box,
          uniq_prince_ribbit1
D:6:      layout_rooms, kennysheep_mini_moat, temple_statues, serial_shops,
          shop, nicolae_shop_just_a_little_nook, shop, nicolae_shop_peninsula,
          nicolae_shop_behind_doors, st_stairs_2, uniq_eustachio
D:7:      layout_loops_ring, serial_demonic, serial_demonic_c, serial_demonic_a,
          serial_demonic_d, serial_demonic_g, serial_demonic_f,
          serial_demonic_d, serial_demonic_c, serial_demonic_c
D:8:      layout_loops_corners, tgw_sif, nicolae_elyvilon_peaceful_grove,
          david_lair_shrubbed, hellmonk_ghost_happy_afterlife, grunt_decor_cap,
          nrook_loot_triangle
D:9:      layout_big_octagon, serial_glass, glass_columns_a, glass_columns_a,
          serial_shops, shop, uniq_erica, uniq_erolcha, uniq_amaemon

Skill      XL: |  1  2  3  4  5  6  7  8  9 |
---------------+----------------------------+-----
Polearms       | 3 4 5 6 8 |  8.0
Fighting       | 4 5 6 7 8 9 |  9.6
Armour         | 2 3 5 |  5.5
Dodging        | |  0.7

Action                     |  1- 3 |  4- 6 |  7- 9 || total
---------------------------+-------+-------+-------++-------
  Melee: Spear             |   130 |   177 |   677 ||   984
  Throw: Dart              |       |     6 |     3 ||     9
  Evoke: Wand              |       |     1 |    12 ||    13
    Use: Scroll            |     5 |     8 |     5 ||    18
   Stab: Confused          |     1 |       |     3 ||     4
         Petrified         |       |     5 |    18 ||    23
         Sleeping          |       |     2 |       ||     2
         Paralysed         |       |       |     9 ||     9
 Armour: Leather armour    |    70 |   112 |    55 ||   237
         Ring mail         |       |       |   393 ||   393
  Dodge: Dodged            |    49 |   102 |   303 ||   454

Table legend: (Time is in decaauts)
 A = Elapsed time spent in this place.
 B = Non-inter-level travel time spent in this place.
 C = Inter-level travel time spent in this place.
 D = Time resting spent in this place.
 E = Time spent auto-exploring this place.
 F = Levels seen in this place.
 G = Mean time per level.
                   A        B        C        D        E       F      G
               +--------+--------+--------+--------+--------+-----+--------+
         Total |   8706 |   8139 |    567 |   1992 |   4355 |   9 |  967.3 |
       Dungeon |   8706 |   8139 |    567 |   1992 |   4355 |   9 |  967.3 |
               +--------+--------+--------+--------+--------+-----+--------+

Top non-repeatable levels by time:
     D:8: 2164 daAuts
     D:5: 1362 daAuts
     D:7: 1079 daAuts
     D:4: 1074 daAuts
     D:1: 936 daAuts
     D:2: 927 daAuts
     D:6: 741 daAuts
     D:3: 411 daAuts
     D:9: 8 daAuts
